Map: Dusk Towers

Players

Miltreta

  • Race: Terran Terran
  • League: Bronze

DonPato - Winner!

  • Race: Terran Terran

VOD

Have the link to the VOD?

Description

Time

  • Played on: March 16, 2016, 10:06 p.m.
  • Length: 16:21
Show
View Real Time Build Order
Export as new Build Order

Miltreta Terran 

Build Orders:  

Get SALT Encoding   

  12  0:00  SCV  
  13  0:17  SCV  
  13  0:19  Supply Depot  
  14  0:26  Refinery  
  14  0:29  SCV  
  15  0:42  Barracks  
  15  0:54  Supply Depot  
  15  0:59  SCV  
  16  1:16  SCV  
  17  1:33  SCV  
  17  1:36  Barracks Reactor  
  18  1:45  SCV  
  19  1:57  SCV  
  19  2:12  Bunker  
  19  2:13  Marine  
  19  2:14  Marine  
  21  2:23  SCV  
  22  2:30  Barracks  
  22  2:36  Barracks  
  22  2:39  Barracks  
  22  2:57  Reaper x2  
  24  3:09  Refinery  
  24  3:16  Factory, Orbital Command  
  24  3:20  Marine  
  24  3:23  Marine  
  24  3:26  Marine  
  27  3:37  Marine x2  
  29  3:50  Marine x2  
  29  3:52  Barracks Reactor  
  30  4:04  Starport  
  29  4:16  Barracks  
  29  4:18  Barracks  
  29  4:23  Supply Depot x2  
  29  4:25  Barracks Reactor x2  
  29  4:40  Reaper  
  29  4:41  Reaper  
  29  4:45  Reaper  
  32  5:07  Barracks Reactor  
  32  5:09  Starport Reactor  
  32  5:14  Marine x2  
  34  5:29  SCV  
  35  5:41  SCV  
  36  5:49  Marine x4  
  39  5:50  Marine, Command Center  
  39  5:53  Barracks Tech Lab, SCV  
  39  5:55  Medivac  
  44  6:06  SCV  
  44  6:11  Marine x2  
  47  6:20  Supply Depot  
  47  6:22  Supply Depot  
  47  6:41  Medivac, Marine x2  
  47  6:45  SCV  
  52  6:57  SCV  
  51  7:30  Marine x2  
  51  7:31  Marine x3  
  51  7:33  Marine x2  
  51  7:34  Marine x2  
  51  7:35  Marine  
  61  7:39  Stimpack  
  61  7:52  Medivac  
  61  7:53  Medivac  
  65  8:02  Command Center  
  65  8:24  Marine x3  
  65  8:25  Marine x3  
  65  8:26  Marine  
  72  8:35  Supply Depot  
  72  8:36  Supply Depot  
  72  8:39  Supply Depot  
  72  9:02  Marine x3  
  73  9:03  Marine x3  
  73  9:05  Marine x2  
  73  9:06  Marine  
  73  9:07  Marine  
  82  9:39  Engineering Bay  
  82  9:41  Engineering Bay  
  82  10:21  Factory Reactor  
  82  10:27  Factory  
  82  10:33  Fusion Core  
  82  10:42  Missile Turret  
  82  10:45  Missile Turret  
  62  10:54  Marine x3  
  62  10:55  Marine x3  
  68  11:05  SCV  
  68  11:07  SCV x2  
  71  11:17  SCV  
  71  11:19  SCV  
  71  11:20  Starport  
  70  11:29  SCV  
  65  11:41  SCV  
  65  11:44  Marine x6  
  65  11:45  Marine  
  68  11:52  Marine x2  
  68  11:53  Marine x2, SCV  
  72  11:58  Starport  
  35  12:23  Starport Tech Lab  
  34  12:34  Hellion x2  
  40  12:37  Hellion  
  40  12:47  Battlecruiser  
  40  12:48  Starport Tech Lab  
  40  13:08  Battlecruiser  
  46  13:18  Missile Turret  
  43  13:20  Missile Turret  
  43  13:21  Refinery  
  43  13:23  Refinery, SCV  
  25  13:46  Missile Turret  
  25  13:47  Missile Turret  
  20  14:23  SCV x2  
  20  14:26  Battlecruiser x2  
  32  14:50  Supply Depot  
  25  15:29  Supply Depot  
  25  15:51  SCV  
Show
View Real Time Build Order
Export as new Build Order

DonPato Terran - Winner!

Build Orders: Bio Mine 

Get SALT Encoding   

  12  0:13  SCV  
  12  0:14  Supply Depot  
  13  0:26  Refinery  
  13  0:37  Barracks  
  13  0:40  SCV  
  14  0:52  SCV  
  15  1:06  Barracks  
  15  1:10  SCV  
  16  1:25  Reaper  
  17  1:27  Supply Depot  
  17  1:33  Orbital Command  
  17  1:44  Refinery  
  17  1:57  Marine  
  18  2:11  SCV  
  18  2:14  Barracks Tech Lab  
  19  2:17  Marine  
  20  2:24  SCV  
  21  2:34  Marine x2  
  23  2:52  SCV  
  23  2:57  Stimpack  
  23  2:58  Marine  
  25  2:59  Barracks  
  25  3:04  SCV  
  26  3:05  Factory  
  26  3:09  Engineering Bay  
  26  3:11  Supply Depot  
  26  3:15  Supply Depot  
  26  3:16  SCV  
  27  3:31  Marine  
  27  3:33  Marine  
  28  3:49  Command Center  
  28  3:54  Bunker  
  28  3:57  Marine  
  28  3:58  Marine x2  
  31  4:10  SCV  
  32  4:17  Starport  
  32  4:18  Factory Tech Lab  
  32  4:22  SCV  
  33  4:28  Barracks Tech Lab  
  33  4:29  Marine x2  
  35  4:34  SCV  
  36  4:47  Marine x2  
  38  4:59  Medivac  
  40  5:00  Marine  
  40  5:03  Combat Shields  
  40  5:04  Marine  
  40  5:05  Marine  
  42  5:18  Factory Reactor, Marine  
  43  5:23  Factory  
  43  5:32  SCV  
  43  5:34  Barracks  
  43  5:35  Barracks, Orbital Command  
  44  5:38  Refinery  
  44  5:44  SCV  
  44  5:49  Marine x3  
  48  6:01  Widow Mine  
  48  6:02  Widow Mine  
  52  6:07  Marine x3  
  55  6:12  SCV  
  55  6:15  SCV  
  57  6:24  Marine x2, SCV  
  57  6:25  Marine x2  
  62  6:32  Supply Depot  
  62  6:53  Marine x4, Widow Mine x2  
  70  7:02  Supply Depot  
  70  7:05  Supply Depot  
  70  7:23  Marine x5  
  75  7:31  Factory Tech Lab  
  75  7:37  Armory  
  75  7:41  Marine x5, Engineering Bay  
  80  7:46  SCV x2  
  80  7:47  Supply Depot  
  80  7:48  Supply Depot  
  80  7:49  Supply Depot  
  82  7:52  Widow Mine x2  
  86  8:09  Medivac, Marine  
  86  8:10  Terran Infantry Weapons Level 1  
  86  8:12  Terran Infantry Armor Level 1, Marine x3  
  90  8:13  Marine  
  93  8:27  Marine  
  93  8:30  Marine, Widow Mine x2  
  99  8:40  Starport Reactor  
  99  8:47  Marine x3  
  102  8:50  Terran Vehicle Weapons Level 1  
  102  8:51  Drilling Claws  
  102  8:54  Marine x2  
  104  9:05  Marine  
  104  9:06  SCV x2  
  107  9:10  Marauder, Marine  
  110  9:29  Supply Depot  
  110  9:33  Liberator x2  
  110  9:50  Marine x2  
  118  10:00  Marine x2  
  118  10:01  SCV  
  118  10:36  Supply Depot  
  118  10:38  Supply Depot x2  
  118  10:40  Supply Depot  
  118  10:43  Supply Depot  
  118  10:45  Supply Depot  
  118  10:58  Marine x5  
  113  11:15  Marine x5  
  114  11:33  Marine x5  
  118  11:51  Marine x4  
  114  12:02  Marine  
  114  12:09  Marine x2  
  110  12:35  Marine x5  
  115  12:39  Medivac x2  
  115  12:42  Widow Mine x3  
  125  13:05  Command Center  
  119  14:20  Viking  
  119  14:21  Viking  
  119  14:41  Marine x5  
  124  14:50  Viking  
  124  14:51  Viking  
  128  14:59  Marine x3  
  131  15:18  Marine x3  
  131  15:20  Viking  
  136  15:34  Marine x2  
  138  15:36  Marine x3  
Tags
 
Composition
Bio Mine
League
Bronze
Matchup
TvT
Race
Terran
Add a new tag
Caveats
  • Supply blocks, unpowered buildings, or Contaminate may cause inaccurate times.
  • Supply counts are checked every 10 seconds.